 Dungeon Crawl Stone Soup version 0.19-a0-1851-g3228ea0 (webtiles) character file.

16 graki42 the Sneak (level 2, -2/19 HPs)
             Began as an Octopode Assassin on Oct 10, 2016.
             Shot with a stone by a goblin (7 damage)
             ... on level 2 of the Dungeon.
             The game lasted 00:01:16 (356 turns).

graki42 the Sneak (Octopode Assassin)                Turns: 356, Time: 00:01:17

Health: -2/19      AC:  1    Str: 10    XL:     2   Next: 54%
Magic:  2/2        EV: 13    Int: 13    God:
Gold:   51         SH:  0    Dex: 13    Spells: 0 memorised, 1 level left

rFire  . . .     SeeInvis .     a - +2 dagger
rCold  . . .     Gourm    .     (no shield)
rNeg   . . .     Faith    .     (helmet restricted)
rPois  .         Spirit   .     (no amulet)
rElec  .         Dismiss  .     (no ring)
rCorr  .         Reflect  .     (no ring)
MR     .....     Harm     .     (no ring)
Stlth  ++++......               (no ring)
                                (no ring)
                                (no ring)
                                (no ring)
                                (no ring)

@: no status effects
A: almost no armour, stealthy swim, amphibious, 8 rings, constrict 8, camouflage
1, gelatinous body 1
a: no special abilities


You were on level 2 of the Dungeon.
You were not hungry.

You visited 1 branch of the dungeon, and saw 2 of its levels.

You collected 51 gold pieces.

Inventory:

Hand Weapons
 a - a +2 dagger (weapon)
 b - a +0 blowgun
Missiles
 c - 8 poisoned needles
 d - 2 curare-tipped needles
Jewellery
 l - a +1 ring of protection {unknown}
Scrolls
 e - 2 scrolls of identify {unknown}
 i - a scroll of noise {unknown}
 m - a scroll of enchant armour {unknown}
Potions
 h - a potion of curing {unknown}
 j - a potion of flight {unknown}
 k - 2 potions of berserk rage {unknown}
Comestibles
 f - a bread ration
 g - 2 meat rations


   Skills:
 + Level 2.0 Fighting
 + Level 2.2 Short Blades
 + Level 2.0 Throwing
 + Level 1.0 Dodging
 + Level 6.0 Stealth


You had one spell level left.
You didn't know any spells.

Dungeon Overview and Level Annotations

Branches:
Dungeon (1/15)

Altars:

Annotations:
D:2 Robin


Innate Abilities, Weirdness & Mutations

You cannot wear most types of armour.
You are very stealthy in the water. (Stealth+)
You are amphibious.
You can wear up to eight rings at the same time.
You can use your tentacles to constrict eight enemies at once.
Your skin changes colour to match your surroundings (Stealth+).
Your rubbery body absorbs attacks. (AC +1, EV +1)


Message History

Robin throws the goblin at you! 2 goblins come into view.
Things that are here:
a club; a hobgoblin corpse x2
A goblin comes into view.
Robin hits you but does no damage.
The goblin unwields an uncursed club.
The goblin wields an uncursed hunting sling.
The goblin shoots a stone.
The stone hits you. Robin throws the goblin at you!
A frilled lizard comes into view.
The goblin barely misses you. Robin throws the goblin at you!
The goblin hits you.
* * * LOW HITPOINT WARNING * * *
Robin throws the goblin at you! The goblin barely misses you.
You closely miss the goblin. You grab the goblin. You constrict the goblin.
You hit the goblin. You squeeze the goblin.
You kill the goblin!
The goblin shoots a stone.
The stone hits you!
You die...

#.g# #.# #........... ...
#.# #...........
######g####.#####.......†...
........).g...(.............
###...g###.######'#########
#......gg....l#.#
#.....##g####.#.# #...#.##.#
#.# #...#..#@# #.#
#...##.#.# #.# #... .#.# #.#
#... ...# #.# #. #..# #..#
#..# #..#


You could see Robin, a hobgoblin and 2 goblins.

Vanquished Creatures
  A giant cockroach (D:1)
  4 goblins
  4 hobgoblins
  3 bats
  A frilled lizard (D:1)
  A rat (D:1)
14 creatures vanquished.

Notes
Turn   | Place    | Note
-------+----------+-------------------------------------------
     0 | D:1      | graki42 the Octopode Assassin began the quest for the Orb.
     0 | D:1      | Reached XP level 1. HP: 14/14 MP: 1/1
   204 | D:1      | Reached XP level 2. HP: 19/19 MP: 2/2
   313 | D:1      | You fall through a shaft!
   339 | D:2      | Noticed Robin
   346 | D:2      | Reached skill level 6 in Stealth
   356 | D:2      | Shot with a stone by a goblin

Vault maps used:
D:1:      matt_arrival_diagonals
D:2:      uniq_robin

Skill      XL: |  1  2 |
---------------+-------+-----
Stealth        | 6 |  6.0
Fighting       | |  2.0
Short Blades   | |  2.2
Throwing       | |  2.0
Dodging        | |  1.0

Action                   || total
-------------------------++-------
Melee: Dagger            ||    25
       Tentacles         ||     7
       Constrict         ||     8
 Stab: Sleeping          ||     3
Armor: Skin              ||     3
Dodge: Dodged            ||    21
